[Event "German Bundesliga 2023-24"]
[Site "Germany"]
[Date "2024.02.24"]
[Round "10.29"]
[White "Maghsoodloo, Parham"]
[Black "Keymer, Vincent"]
[Result "1-0"]
[ECO "E04"]
[WhiteElo "2707"]
[BlackElo "2721"]
[Annotator "TA"]
[PlyCount "135"]
[EventDate "2023.10.20"]
[EventType "team-tourn"]
[EventCountry "GER"]
[SourceTitle "playchess.com"]
[Source "ChessBase"]
[SourceQuality "1"]
[TimeControl "40/6000+30:3000+30"]

1. d4 Nf6 2. c4 e6 3. Nf3 d5 4. g3 dxc4 5. Bg2 Bb4+ 6. Bd2 a5 7. Qc1 {[%emt 0:02:40] E04: Open Catalan: 5 Nf3.} Bxd2+ 8. Qxd2 c6 9. a4 b5 10. axb5 cxb5 11. Qg5 O-O 12. Qxb5 Ba6 13. Qc5 $1 $146 {[%emt 0:00:04][%mdl 8] A top novelty.} ({Predecessor:} 13. Qxa5 Bb7 14. Qxd8 Rxa1 15. Qxf8+ Kxf8 16. O-O Ra2 17. Nc3 Rxb2 18. Rc1 Nbd7 19. Kf1 Nb6 20. Nd1 Rb4 21. Nd2 c3 22. Nxc3 Bxg2+ 23. Kxg2 Rxd4 24. Nf3 {½-½ Svane,R (2625)-Wang,H (2709) FIDE World Cup 2023 (4.4)}) 13... Nbd7 14. Qa3 Bb7 15. Nbd2 Nb6 16. O-O Ne4 17. Nb1 Nd5 18. Rc1 Nb4 19. Rxc4 Nd6 20. Rc5 Ne4 21. Rc1 e5 22. Qe3 exd4 23. Qxd4 Qb8 24. Nc3 Re8 25. Nxe4 Bxe4 26. Qc5 Ra6 27. Nd4 Bxg2 28. Kxg2 g6 29. Kg1 Rd6 30. Qc4 (30. Rxa5 $6 Rd5 $11) 30... Qb6 {[%emt 0:03:34] [#]} 31. e3 $1 Rb8 32. b3 Rd5 33. Qc7 Rb7 34. Qf4 Rc5 35. Rxc5 Qxc5 36. Qe4 Ra7 37. h4 h5 38. Rd1 Re7 39. Qa8+ Kg7 40. Nf3 Qc6 (40... Nc6 $142) 41. Rd8 $16 (41. Qxa5 $2 {is the wrong capture.} Qxf3 42. Rd8 Nc6 $19) 41... Qxa8 42. Rxa8 Nc6 43. Ra6 Rc7 44. Kf1 Kf8 45. Nd2 Ke7 46. Nc4 Kd7 (46... f6 {was called for.} 47. Ke2 (47. Nxa5 Ne5 $18) 47... Nb8 48. Rxa5 Rb7) 47. Ke2 $18 Ke8 48. Kd2 ({Resist} 48. Nxa5 Nxa5 49. Rxa5 Rb7) 48... Rd7+ 49. Kc3 Rc7 50. Kd2 Rd7+ $1 51. Ke2 Rc7 52. Nxa5 Ne5 (52... Nxa5 {was necessary.} 53. Rxa5 Rb7) 53. f4 $18 Ng4 54. Nc4 Kf8 55. e4 Rb7 56. Ra3 Nf6 $2 (56... Rb8 57. e5 Ke7) 57. Nd6 $18 Rb4 58. e5 Nd5 59. Kd3 Ke7 60. Ra4 Rb8 61. Kd4 Ke6 62. Ra6 $2 (62. Nxf7 $18 Ne7 63. Nh6 (63. Ng5+ Kf5 $18)) 62... Nb4 $1 $11 63. Ra4 Nc2+ $2 (63... Nd5 $11 {and Black is okay.}) 64. Kd3 $18 Nb4+ 65. Kc4 Nd5 66. Ra6 Nb4 67. Ra7 f6 68. Rg7 1-0

[Event "German Bundesliga 2023-24"]
[Site "Germany"]
[Date "2024.02.24"]
[Round "10.30"]
[White "Vitiugov, Nikita"]
[Black "Anton Guijarro, David"]
[Result "0-1"]
[ECO "C75"]
[WhiteElo "2686"]
[BlackElo "2653"]
[Annotator "TA"]
[PlyCount "136"]
[EventDate "2023.10.20"]
[EventType "team-tourn"]
[EventCountry "GER"]
[SourceTitle "playchess.com"]
[Source "ChessBase"]
[SourceQuality "1"]
[TimeControl "40/6000+30:3000+30"]

1. e4 e5 2. Nf3 Nc6 3. Bb5 a6 4. Ba4 d6 5. O-O Bd7 6. c3 Nge7 7. d4 Ng6 8. Be3 Be7 9. Bc2 O-O 10. Nbd2 exd4 11. cxd4 Nb4 12. Bb1 Bb5 13. Re1 d5 14. e5 Nd3 15. Bxd3 Bxd3 16. Nb1 Bf5 17. Nc3 c6 18. Qb3 Rb8 19. Na4 Bg4 20. Nd2 b5 21. Nc3 Be6 22. Ne2 c5 23. Qd1 c4 24. Ng3 Qd7 25. Nf3 b4 26. h3 f5 27. exf6 Bxf6 28. Bg5 Bxg5 29. Nxg5 Bf5 30. Re3 Nf4 31. Nf3 Qd6 32. Qd2 ({Better is} 32. Nxf5 $15 Rxf5 33. Ne5) 32... Bg6 (32... Bxh3 $142 33. gxh3 Qd7) 33. Ne5 Nd3 34. Rf1 Rbc8 35. Ne2 a5 36. Nxg6 Qxg6 (36... hxg6 37. Nc1 $17) 37. Rg3 Qf6 38. Nc1 Nf4 (38... Qxd4 39. Nxd3 Rce8 40. a3 $16) 39. Re1 Rce8 40. Ree3 Re4 41. Rxe4 dxe4 42. Qe3 Re8 43. Ne2 Nxe2+ (43... Nd3 $1 $19 44. Rg4 Rf8 (44... Nxb2 45. Rxe4 Rxe4 46. Qxe4 $11) 45. Qxe4 Qf7 (45... Nxb2 46. Rf4 $11) (45... Nxf2 46. Qd5+ Qf7 47. Qxf7+ Rxf7 48. Rg5 $15) (45... Qxf2+ 46. Kh2 $17)) 44. Qxe2 $17 Qxd4 45. Re3 h6 46. Qc2 (46. Qh5 $17 Re5 47. Qg4) 46... Rd8 $1 $19 47. Rxe4 Qd1+ 48. Qxd1 Rxd1+ 49. Kh2 Rd2 (49... Rc1 $1 $19 {Strongly threatening ...Rc2.} 50. Re5 Rc2 51. Rxa5 Rxb2 (51... Rxf2 52. Rc5 $11)) 50. Rxc4 $17 Rxb2 51. a3 bxa3 ({Much worse is} 51... Rxf2 $6 52. axb4 axb4 53. Rxb4 $11) 52. Ra4 Rxf2 53. Rxa5 (53. Kg3 $17 {might work better.} Rf5 54. Rxa3) 53... a2 $19 54. Kg3 Rc2 55. Ra7 Kf8 56. Kf3 Ke8 57. g4 Kd8 58. Ke4 (58. Kf4 $142) 58... g6 $19 59. h4 (59. Kd3 {was necessary.} Rh2 60. Kd4) 59... Kc8 $19 60. h5 $2 {[%emt 0:09:59] [#]} (60. Kd3 Rg2 61. Kc3) 60... Kb8 $1 $19 61. Ra3 {[%emt 0:00:17] [#]} g5 $1 ({Less strong is} 61... gxh5 62. gxh5 Rh2 63. Ra5 $15) 62. Ke5 Kb7 63. Kf5 Rb2 64. Ra4 Rc2 65. Ra3 $1 Rd2 66. Ra4 (66. Ke5 $19) 66... Kb6 67. Ke6 Kb5 68. Ra8 Rf2 0-1

[Event "German Bundesliga 2023-24"]
[Site "Germany"]
[Date "2024.02.24"]
[Round "10.31"]
[White "Korobov, Anton"]
[Black "Donchenko, Alexander"]
[Result "1/2-1/2"]
[ECO "E14"]
[WhiteElo "2658"]
[BlackElo "2664"]
[Annotator "RC"]
[PlyCount "70"]
[EventDate "2023.10.20"]
[EventType "team-tourn"]
[EventCountry "GER"]
[SourceTitle "playchess.com"]
[Source "ChessBase"]
[SourceQuality "1"]
[TimeControl "40/6000+30:3000+30"]

1. d4 Nf6 2. Nf3 d5 3. e3 e6 4. Nbd2 Be7 5. b3 O-O 6. Bd3 b6 7. Bb2 Bb7 8. O-O Nbd7 9. Qe2 c5 10. c4 Rc8 11. Rfd1 Qc7 12. Rac1 Qb8 13. cxd5 Nxd5 14. Ne5 Nxe5 15. dxe5 Nb4 16. Bb1 Ba6 17. Nc4 Rfd8 18. a3 Nc6 19. Qc2 g6 20. Nd6 Bxd6 21. exd6 Rxd6 22. Rxd6 Qxd6 23. Rd1 Qe7 24. Qc3 e5 25. Be4 f6 26. f4 Kg7 27. Bxc6 Rxc6 28. fxe5 fxe5 29. Rd5 Re6 30. Rxe5 Rxe5 31. Qxe5+ Qxe5 32. Bxe5+ Kf7 33. Bb8 c4 34. bxc4 Bxc4 35. Bxa7 b5 1/2-1/2

[Event "German Bundesliga 2023-24"]
[Site "Germany"]
[Date "2024.02.24"]
[Round "10.32"]
[White "Wojtaszek, Radoslaw"]
[Black "Amin, Bassem"]
[Result "1/2-1/2"]
[ECO "D78"]
[WhiteElo "2668"]
[BlackElo "2680"]
[Annotator "RC"]
[PlyCount "41"]
[EventDate "2023.10.20"]
[EventType "team-tourn"]
[EventCountry "GER"]
[SourceTitle "playchess.com"]
[Source "ChessBase"]
[SourceQuality "1"]
[TimeControl "40/6000+30:3000+30"]

1. d4 Nf6 2. c4 g6 3. Nf3 Bg7 4. g3 O-O 5. Bg2 c6 6. Nc3 d5 7. Qb3 dxc4 8. Qxc4 Bf5 9. O-O Nbd7 10. a4 a5 11. e3 Qc7 12. Qe2 e5 13. e4 Bg4 14. Be3 exd4 15. Bxd4 Rfe8 16. Rad1 Ne5 17. Bxe5 Rxe5 18. h3 Bxf3 19. Qxf3 Qb6 20. Qe2 Rae8 21. Kh2 1/2-1/2

[Event "German Bundesliga 2023-24"]
[Site "Germany"]
[Date "2024.02.24"]
[Round "10.33"]
[White "Warmerdam, Max"]
[Black "Gledura, Benjamin"]
[Result "1-0"]
[ECO "B22"]
[WhiteElo "2636"]
[BlackElo "2633"]
[Annotator "TA"]
[PlyCount "79"]
[EventDate "2023.10.20"]
[EventType "team-tourn"]
[EventCountry "GER"]
[SourceTitle "playchess.com"]
[Source "ChessBase"]
[SourceQuality "1"]
[TimeControl "40/6000+30:3000+30"]

1. e4 c5 2. Nf3 Nc6 3. c3 d5 4. exd5 Qxd5 5. d4 e6 6. Be3 cxd4 7. cxd4 Nf6 8. Nc3 Qd6 9. a3 Be7 10. Bd3 O-O 11. O-O Rd8 12. Rc1 Bd7 13. Bb1 (13. Nb5 $5 Qb8 $8 14. Bb1 $14) 13... Be8 14. Qd3 g6 {[%emt 0:05:17] White is slightly better.} 15. Rfd1 Rac8 16. Ba2 b6 ({Black should try} 16... b5 $14) 17. h3 Nd5 18. Nxd5 exd5 19. b4 Bf8 20. Qd2 f6 21. Bf4 Qd7 22. Nh2 g5 23. Bg3 Ne7 24. Ng4 Bg7 25. Ne3 Bf7 26. h4 h6 27. Qd3 Rxc1 28. Rxc1 Rc8 {[%emt 0:00:21] Prevents Rc7} 29. Re1 ({Better is} 29. Rxc8+ $14 Qxc8 30. Bd6 Qc1+ 31. Kh2) 29... b5 30. Bb3 a6 31. Bd1 {[%emt 0:01:46] Strongly threatening Bg4.} Bg6 32. Qd2 Qc6 33. Bf3 Bf7 {[%emt 0:00:45] [#]} (33... Kf8 $14) 34. Qd3 (34. Bg4 $1 $16 f5 35. Nxf5 (35. Bxf5 Qc3 $18) 35... Nxf5 36. Bxf5) 34... Bf8 35. Bg4 Qc3 (35... Bg6 $14 36. Nf5 Nxf5 37. Bxf5 Re8 38. Rxe8 Bxe8) 36. Qd1 {[%emt 0:00:04] White is more active.} Re8 {[%emt 0:00:39][%mdl 8192] This move loses the game for Black.} (36... Rd8 $16 {is tougher.}) 37. Bd7 $18 Rd8 {[%emt 0:00:02] [#]} (37... Rc8 $142 38. Bxc8 Qxc8) 38. Ng4 $1 {[%emt 0:00:11] White is clearly winning.} Kg7 39. Re3 Qc4 (39... Qxe3 $142 40. Nxe3 (40. fxe3 Rxd7 41. Qf3 Ng8 $18) 40... Rxd7) 40. hxg5 {[%emt 0:00:45] Weighted Error Value: White=0.14 (very precise) /Black=0.46.  Loses game:     	---       	Black=1      Mistake:       	White=2     	Black=5      Inaccurate:     	White=3     	Black=5      OK:         	White=11    	Black=7      Best:        	White=1     	---} 1-0

[Event "German Bundesliga 2023-24"]
[Site "Germany"]
[Date "2024.02.24"]
[Round "10.34"]
[White "Pavlidis, Antonios"]
[Black "Ragger, Markus"]
[Result "1/2-1/2"]
[ECO "C67"]
[WhiteElo "2566"]
[BlackElo "2615"]
[Annotator "RC"]
[PlyCount "56"]
[EventDate "2023.10.20"]
[EventType "team-tourn"]
[EventCountry "GER"]
[SourceTitle "playchess.com"]
[Source "ChessBase"]
[SourceQuality "1"]
[TimeControl "40/6000+30:3000+30"]

1. e4 e5 2. Nf3 Nc6 3. Bb5 Nf6 4. O-O Nxe4 5. Re1 Nd6 6. Nxe5 Be7 7. Bf1 Nxe5 8. Rxe5 O-O 9. d4 Bf6 10. Re1 Re8 11. c3 Rxe1 12. Qxe1 Ne8 13. Bf4 d5 14. Bd3 g6 15. Nd2 Ng7 16. Qe2 c6 17. Nf3 Bf5 18. Bxf5 Nxf5 19. Re1 Ng7 20. Be5 Ne6 21. Bxf6 Qxf6 22. Ne5 Re8 23. Ng4 Qd8 24. Qe5 Ng7 25. Qxe8+ Nxe8 26. Rxe8+ Qxe8 27. Nf6+ Kf8 28. Nxe8 Kxe8 1/2-1/2

[Event "German Bundesliga 2023-24"]
[Site "Germany"]
[Date "2024.02.24"]
[Round "10.35"]
[White "L'Ami, Erwin"]
[Black "Plat, Vojtech"]
[Result "1/2-1/2"]
[ECO "E48"]
[WhiteElo "2627"]
[BlackElo "2503"]
[Annotator "ChessBase"]
[PlyCount "65"]
[EventDate "2023.10.20"]
[EventType "team-tourn"]
[EventCountry "GER"]
[SourceTitle "playchess.com"]
[Source "ChessBase"]
[SourceQuality "1"]
[TimeControl "40/6000+30:3000+30"]

1. d4 Nf6 2. c4 e6 3. Nc3 Bb4 4. e3 d5 5. Bd3 c5 6. Nge2 Nc6 7. cxd5 Nxd5 8. O-O cxd4 9. exd4 O-O 10. Bc2 Be7 11. Qd3 g6 12. Bh6 Ncb4 13. Qd2 Nxc2 14. Bxf8 Nxa1 15. Bxe7 Nxe7 16. Rxa1 Bd7 17. Ne4 Nf5 18. N2g3 Nxg3 19. hxg3 Bc6 20. Nc3 Qd6 21. Rd1 Bd5 22. g4 Kg7 23. Qe3 Rh8 24. Qe5+ Qxe5 25. dxe5 Bc6 26. f3 h5 27. gxh5 Rxh5 28. Re1 a5 29. Kf2 Kf8 30. Re3 Rh1 31. Re1 Rh5 32. Re3 Rh1 33. Re1 1/2-1/2

[Event "German Bundesliga 2023-24"]
[Site "Germany"]
[Date "2024.02.24"]
[Round "10.36"]
[White "Burg, Twan"]
[Black "Andersen, Mads"]
[Result "0-1"]
[ECO "C88"]
[WhiteElo "2530"]
[BlackElo "2606"]
[Annotator "TA"]
[PlyCount "118"]
[EventDate "2023.10.20"]
[EventType "team-tourn"]
[EventCountry "GER"]
[SourceTitle "playchess.com"]
[Source "ChessBase"]
[SourceQuality "1"]
[TimeControl "40/6000+30:3000+30"]

1. e4 e5 2. Nf3 Nc6 3. Bb5 a6 4. Ba4 Nf6 5. O-O Be7 6. Re1 b5 7. Bb3 O-O 8. a4 Bb7 9. d3 d6 10. Nbd2 Nd7 11. c3 Nc5 12. Bc2 Nxa4 13. Bxa4 bxa4 {[%emt 0:00:08] The position is equal.} 14. Rxa4 Rb8 15. d4 exd4 16. cxd4 d5 17. e5 Qd7 18. Nb3 Nd8 19. Nc5 {[%emt 0:05:11] Black is weak on the dark squares} Qc6 20. b4 Bc8 21. h3 {[%emt 0:03:57] Repels Bg4} Qg6 22. Kh1 Rb6 23. Bf4 Bf5 24. Qe2 Nc6 25. e6 (25. Rxa6 Bxc5 26. bxc5 Bd3 $17) (25. Nxa6 Bc2 26. Ra3 Be4 $17) 25... Bxe6 26. Bxc7 Rxb4 {[%emt 0:00:10] [#] And now ...Bxc5 would win.} 27. Ne5 (27. Rxa6 Nxd4 28. Nxd4 Rxd4 (28... Bxc5 29. Nxe6 fxe6 30. Rxe6 $15) 29. Nxe6 Re4 $15) (27. Nxe6 $5 Rxa4 28. Nxf8 Kxf8 29. Bd8 $11) 27... Nxe5 $40 {[%emt 0:00:10][%mdl 128] Black is up to no good.} 28. Rxb4 Bxc5 $1 29. Rb8 {[%emt 0:14:42][%mdl 8192] Loses the game.} (29. dxc5 $11 {and White stays safe.} Nd3 30. Reb1 Nxb4 31. Rxb4) 29... Nd7 (29... Bxd4 $2 {perishes.} 30. Rxf8+ Kxf8 31. Qxa6 $18 (31. Bxe5 Bxe5 32. Qxe5 Qf6 $18)) 30. Rxf8+ Bxf8 31. Qxa6 h5 32. Bf4 Kh7 33. Qe2 Qf5 34. Bh2 Bb4 35. Rc1 Nf6 36. Qc2 Qxc2 37. Rxc2 Nd7 38. f3 h4 39. Kg1 Kg6 40. Kf2 Be7 41. Ke3 Kf5 42. Rc6 Bg5+ 43. Kd3 Nf8 44. Ke2 Ng6 45. Kf2 Ne7 46. Rb6 Kg6 47. Ke2 Nf5 48. Bg1 Bf6 49. Kd3 Bd8 50. Rc6 Kg5 51. Ra6 $2 (51. Rc5) 51... Bd7 $19 {[%emt 0:01:11] [#] Hoping for ...Bb5+.} 52. Ra7 Bb5+ 53. Kd2 Kg6 {[%emt 0:03:53] ...Bf1 would now be deadly.} 54. Ra1 Bg5+ 55. Kc3 Bc4 56. Re1 Ng3 {[%emt 0:01:12] Threatens to win with ...Ne2+. Black is clearly winning.} 57. Bf2 Ne2+ 58. Kc2 Nf4 {[%emt 0:00:41][%cal Of4d3] aiming for ...Nd3!} 59. Rg1 Nd3 {[%emt 0:00:53] Weighted Error Value: White=0.23 (precise) /Black=0.10 (very precise) .  Loses game:     	White=1     	---        Mistake:       	White=1     	---        Inaccurate:     	---       	Black=1      OK:         	White=16    	Black=26     Best:        	White=2     	Black=2      Strong:       	---       	Black=1} 0-1

[Event "German Bundesliga 2023-24"]
[Site "Germany"]
[Date "2024.02.24"]
[Round "10.37"]
[White "Van Wely, Loek"]
[Black "Swinkels, Robin"]
[Result "1/2-1/2"]
[ECO "D41"]
[WhiteElo "2626"]
[BlackElo "2515"]
[Annotator "TA"]
[PlyCount "91"]
[EventDate "2023.10.20"]
[EventType "team-tourn"]
[EventCountry "GER"]
[SourceTitle "playchess.com"]
[Source "ChessBase"]
[SourceQuality "1"]
[TimeControl "40/6000+30:3000+30"]

1. Nf3 d5 2. c4 e6 3. d4 Nf6 4. Nc3 c5 5. e3 Nc6 6. cxd5 Nxd5 7. Bc4 cxd4 8. exd4 Be7 9. O-O O-O 10. Re1 Bf6 11. Ne4 b6 12. Nxf6+ Nxf6 13. Bg5 Bb7 14. a3 Rc8 15. Ba2 h6 16. Bh4 Ne7 17. Bxf6 gxf6 18. Nh4 Bd5 19. Qd2 Kh7 20. Bb1+ f5 21. Re3 Rg8 22. Rh3 {[%emt 0:01:15][%cal Oh4f5] [#] Nxf5! would now be deadly.} Qf8 {[%emt 0:00:03] Hoping for ...Qg7.} 23. Bd3 Rg4 (23... Qg7 $17 {[%cal Og7g4] ...Qg4! is the strong threat.} 24. Bf1 Rcd8) 24. Be2 $11 Rg8 25. Nf3 Qg7 {[%emt 0:01:33] Prevents Ng5+.} 26. Rg3 Qf6 27. Ne5 Nc6 (27... Ng6 {simplifies} 28. Nxg6 Rxg6 29. Re1 Be4) 28. Qf4 (28. Ba6 {keeps more tension.} Rcd8 29. Qc3 Nxd4 30. Qxd4 Bb7 31. Qa4) 28... Rxg3 29. hxg3 Nxe5 30. dxe5 Qg5 31. Qd4 Rc2 32. Bd3 (32. Bf3 $11 {and White has nothing to worry.}) 32... Rd2 $2 (32... Qd2 $19 33. Rf1 Bc4 (33... Rxb2 $2 34. Qh4 $19) 34. Qxc4 Rxc4 35. Bxc4 Qxb2) 33. Qc3 $1 {[%emt 0:00:38] The position is equal.} Kg7 34. Re1 h5 35. Bxf5 h4 $1 {[%emt 0:00:03] [#] Strongly threatening ...hxg3.} (35... exf5 $2 {perishes.} 36. e6+ Qf6 (36... f6 $2 37. e7 $18) 37. Qxd2 $18) 36. Be4 hxg3 37. fxg3 Bxe4 38. Rxe4 {[%emt 0:00:02][%mdl 4096] Endgame. KQR-KQR} Rd1+ 39. Re1 Rd5 40. Qf3 Rxe5 41. Qc3 f6 42. Rxe5 fxe5 43. Kf2 Qf5+ 44. Ke3 Qg5+ 45. Ke2 Qg4+ 46. Qf3 {[%emt 0:08:25] Weighted Error Value: White=0.24 (precise) /Black=0.24 (precise) .  Loses game:     	White=1     	---        Missed win:     	---       	Black=1      Mistake:       	---       	Black=1      Inaccurate:     	White=3     	Black=1      OK:         	White=16    	Black=12     Best:        	---       	Black=2      Strong:       	White=1     	Black=1} 1/2-1/2

[Event "German Bundesliga 2023-24"]
[Site "Germany"]
[Date "2024.02.24"]
[Round "10.38"]
[White "Cyborowski, Lukasz"]
[Black "Ganguly, Surya Shekhar"]
[Result "1/2-1/2"]
[ECO "A34"]
[WhiteElo "2479"]
[BlackElo "2578"]
[Annotator "TA"]
[PlyCount "68"]
[EventDate "2023.10.20"]
[EventType "team-tourn"]
[EventCountry "GER"]
[SourceTitle "playchess.com"]
[Source "ChessBase"]
[SourceQuality "1"]
[TimeControl "40/6000+30:3000+30"]

1. Nf3 c5 2. c4 Nf6 3. Nc3 Nc6 4. e3 e5 5. a3 d5 {[%emt 0:05:52] Threatens to win with ...d4.} 6. cxd5 Nxd5 7. Bb5 Nxc3 8. bxc3 Bd6 9. e4 O-O 10. O-O Qe7 11. d3 Bg4 12. h3 Bh5 13. g4 Bg6 14. Bxc6 bxc6 15. c4 Rab8 16. Be3 Rb6 17. Rb1 Rfb8 18. Qc2 Qb7 19. Nd2 f6 20. Qa4 Bf8 21. Qc2 Bf7 22. f3 h5 23. Kf2 g5 24. Qc3 Qa6 (24... Be6 $11) 25. Rg1 (25. Rxb6 $14 axb6 26. h4 gxh4 27. g5) 25... h4 $11 26. Ke2 Qa4 27. Rgc1 Be7 28. Rf1 Kf8 29. Rfc1 Ke8 30. Rf1 Kd7 31. Rfc1 Bd6 32. Rf1 Kc7 33. Rfc1 (33. Rxb6 $5 Rxb6 34. Ra1 $11) 33... Kb7 34. Rb3 Kc7 {[%emt 0:09:49] An interesting draw.   Weighted Error Value: White=0.10 (very precise) /Black=0.10 (very precise) .  Mistake:       	White=1     	Black=1      Inaccurate:     	White=2     	Black=4      OK:         	White=8     	Black=5      Best:        	---       	Black=1} (34... Kc8 $5 35. Rcb1 Rxb3 36. Rxb3 (36. Nxb3 Qxa3 37. Kd1 Rb6 $11) 36... Rb6 $14) 1/2-1/2

[Event "German Bundesliga 2023-24"]
[Site "Germany"]
[Date "2024.02.24"]
[Round "10.39"]
[White "Nikolic, Predrag"]
[Black "Jaracz, Pawel"]
[Result "1/2-1/2"]
[ECO "D60"]
[WhiteElo "2531"]
[BlackElo "2472"]
[Annotator "TA"]
[PlyCount "44"]
[EventDate "2023.10.20"]
[EventType "team-tourn"]
[EventCountry "GER"]
[SourceTitle "playchess.com"]
[Source "ChessBase"]
[SourceQuality "1"]
[TimeControl "40/6000+30:3000+30"]

1. d4 d5 2. c4 e6 3. Nc3 Nf6 4. Bg5 Be7 5. e3 O-O 6. Nf3 Nbd7 7. cxd5 Nxd5 8. Bxe7 Nxe7 9. Rc1 c5 10. Bb5 cxd4 11. Nxd4 {[%emt 0:03:57] White is slightly better.} Nf6 12. O-O Ng6 13. Be2 Qe7 14. Qa4 Bd7 15. Qa5 e5 16. Nc2 Rfc8 17. Qb4 Qe6 18. Rfd1 Bc6 19. f3 Qf5 20. e4 Qg5 {[%emt 0:00:18] The position is equal.} 21. Kh1 h5 22. Bf1 h4 {[%emt 0:00:58] A rather calm draw.   Weighted Error Value: White=0.08 (flawless) /Black=0.07 (flawless) .  Inaccurate:     	White=1     	Black=1      OK:         	White=3     	Black=7} 1/2-1/2

[Event "German Bundesliga 2023-24"]
[Site "Germany"]
[Date "2024.02.24"]
[Round "10.40"]
[White "Vandenbussche, Thibaut"]
[Black "Wegerle, Joerg"]
[Result "1-0"]
[ECO "C42"]
[WhiteElo "2434"]
[BlackElo "2405"]
[Annotator "RC"]
[PlyCount "145"]
[EventDate "2023.10.20"]
[EventType "team-tourn"]
[EventCountry "GER"]
[SourceTitle "playchess.com"]
[Source "ChessBase"]
[SourceQuality "1"]
[TimeControl "40/6000+30:3000+30"]

1. e4 e5 2. Nf3 Nf6 3. Nc3 Bb4 4. Nxe5 O-O 5. Nd3 Bxc3 6. dxc3 Nxe4 7. Be2 d6 8. O-O Nd7 9. f3 Nec5 10. Be3 Re8 11. Bf2 Nxd3 12. cxd3 Nf8 13. Qd2 Bd7 14. f4 Qf6 15. Bf3 Bc6 16. Bd4 Qh6 17. Bxc6 bxc6 18. Rae1 Rxe1 19. Rxe1 c5 20. Bf2 Ne6 21. Re4 Qh5 22. h3 g6 23. Kh2 Re8 24. g4 Qd5 25. Qe2 Qc6 26. Bh4 Ng7 27. f5 Rxe4 28. Qxe4 Qd7 29. Be7 d5 30. Qe5 gxf5 31. Bxc5 Ne6 32. Bxa7 fxg4 33. Be3 Qb5 34. c4 Qa4 35. cxd5 Qc2+ 36. Kg3 gxh3 37. Kxh3 Ng7 38. Qe4 Qe2 39. Bd4 Qh5+ 40. Kg2 Qg5+ 41. Kf2 Qd2+ 42. Kf3 Qd1+ 43. Qe2 Qh1+ 44. Qg2 Qd1+ 45. Kf4 Qc1+ 46. Be3 Qe1 47. Bd2 Qh4+ 48. Ke3 Kf8 49. Qe4 Qh3+ 50. Ke2 Nf5 51. Kd1 Qf1+ 52. Kc2 Qf2 53. a4 h5 54. Qb4+ Kg7 55. Qf4 Qc5+ 56. Qc4 Qf2 57. Qf4 Qc5+ 58. Bc3+ Kg6 59. Qe5 Kg5 60. a5 Qb5 61. Qf6+ Kg4 62. Qxf7 Qa4+ 63. Kc1 Qf4+ 64. Kb1 h4 65. Qg6+ Kf3 66. a6 Ne3 67. Qe4+ Qxe4 68. dxe4 Nc4 69. a7 Nb6 70. Be5 h3 71. Bxc7 Na8 72. Bh2 Kxe4 73. d6 1-0

[Event "German Bundesliga 2023-24"]
[Site "Germany"]
[Date "2024.02.24"]
[Round "10.41"]
[White "Navara, David"]
[Black "Livaic, Leon"]
[Result "1/2-1/2"]
[ECO "D35"]
[WhiteElo "2679"]
[BlackElo "2549"]
[Annotator "TA"]
[PlyCount "87"]
[EventDate "2023.10.20"]
[EventType "team-tourn"]
[EventCountry "GER"]
[SourceTitle "playchess.com"]
[Source "ChessBase"]
[SourceQuality "1"]
[TimeControl "40/6000+30:3000+30"]

1. c4 e6 2. Nc3 d5 3. d4 Nf6 4. cxd5 exd5 5. Bg5 c6 6. e3 Be7 7. Bd3 Nbd7 8. Nge2 h6 9. Bh4 Nh5 10. Bxe7 Qxe7 11. O-O O-O 12. a4 a5 13. Qd2 Re8 14. Rfe1 Nb6 15. b3 Bd7 16. Rad1 Qg5 17. Nf4 Nxf4 18. exf4 Rxe1+ 19. Rxe1 Qf6 20. Re5 Qd6 21. Bc2 Rc8 22. h4 c5 (22... f6 $11 23. Re3 Ra8) 23. dxc5 Qxc5 24. Nxd5 {[%emt 0:02:00] [#] Ne7+ is the strong threat.} Qxc2 ({Reject} 24... Nxd5 25. Rxd5 Qxc2 26. Qxc2 (26. Rxd7 Qxb3 27. Qxa5 Qb1+ 28. Kh2 Qe4 $14) 26... Rxc2 27. Rxd7 $18) 25. Qxc2 (25. Qxa5 $2 {too greedy.} Nxd5 26. Qe1 Qxb3 $19 (26... Nxf4 $2 27. Qf1 $19) (26... Qc1 $2 27. Qf1 $19)) 25... Rxc2 26. Nxb6 $16 {[%emt 0:00:08][%mdl 4096] Endgame. KRB-KRN} Be6 27. Rxa5 Bxb3 28. f5 Rc7 29. f3 f6 30. Kf2 Kf8 31. Ke3 Ke7 32. Rb5 Ba2 33. Kd4 Kd6 $1 34. a5 ({White should try} 34. Rb4 $16) 34... Rc2 $11 35. g4 Kc6 36. Rb4 Rc5 37. Ra4 Rc2 38. Rb4 ({Better is} 38. Ra3 $14) 38... Rc5 39. Nc4 {[%emt 0:00:59] [#] Rb6+ would kill now.} Rd5+ 40. Kc3 {[%emt 0:00:21] Rb6+ would now be deadly.} Rc5 41. Kd4 Rd5+ 42. Ke4 {[%emt 0:00:00] Hoping for Rb6+.} Rc5 {[%emt 0:00:00][%mdl 1024] Black has compensation.} 43. Kd4 {[%emt 0:00:00] Threatening mate with Rb6+.} Rd5+ 44. Ke4 {Weighted Error Value: White=0.08 (flawless) /Black=0.07 (flawless) .  Mistake:       	White=2     	Black=1      Inaccurate:     	White=2     	Black=1      OK:         	White=15    	Black=17     Best:        	White=1     	Black=2      Strong:       	---       	Black=1} 1/2-1/2

[Event "German Bundesliga 2023-24"]
[Site "Germany"]
[Date "2024.02.24"]
[Round "10.42"]
[White "Kraemer, Martin"]
[Black "Fridman, Daniel"]
[Result "1/2-1/2"]
[ECO "D41"]
[WhiteElo "2579"]
[BlackElo "2588"]
[Annotator "ChessBase"]
[PlyCount "48"]
[EventDate "2023.10.20"]
[EventType "team-tourn"]
[EventCountry "GER"]
[SourceTitle "playchess.com"]
[Source "ChessBase"]
[SourceQuality "1"]
[TimeControl "40/6000+30:3000+30"]

1. d4 d5 2. c4 e6 3. Nf3 Nf6 4. Nc3 c5 5. cxd5 cxd4 6. Qxd4 exd5 7. e4 dxe4 8. Qxd8+ Kxd8 9. Ng5 Be6 10. Nxe6+ fxe6 11. Bg5 Nc6 12. Bc4 Ke7 13. Nxe4 Kf7 14. Nxf6 Bb4+ 15. Ke2 Nd4+ 16. Kd3 gxf6 17. Kxd4 Rhd8+ 18. Ke4 fxg5 19. Rad1 Kf6 20. h4 gxh4 21. Rxd8 Rxd8 22. Rxh4 Bc5 23. g3 Rd2 24. b3 Rd4+ 1/2-1/2